Map: Echo LE (Void)

Players

Nerchio

  • Race: Zerg Zerg
  • Spawn Location: 11:00

Neeb - Winner!

  • Race: Protoss Protoss
  • Spawn Location: 5:00

Event: WESG 2016 Finals

VOD

Have the link to the VOD?

Description

Time

  • Played on: Jan. 14, 2017, 1:08 a.m.
  • Length: 19:00

All games in this series

Show
View Real Time Build Order
Export as new Build Order

Nerchio Zerg 

Build Orders: Pool First, Lurkers 

Get SALT Encoding   

  12  0:00  Drone  
  13  0:13  Overlord  
  13  0:17  Drone  
  14  0:31  Drone x2  
  14  0:35  Drone  
  17  0:47  Drone  
  17  0:48  Extractor  
  17  0:50  Spawning Pool  
  17  0:56  Drone  
  17  1:20  Hatchery  
  17  1:21  Drone  
  17  1:24  Drone  
  18  1:36  Queen  
  20  1:40  Zergling x2  
  21  1:48  Metabolic Boost  
  21  1:52  Drone  
  22  1:58  Overlord  
  22  2:16  Drone, Queen  
  22  2:17  Drone  
  26  2:30  Zergling x2  
  26  2:33  Pneumatized Carapace  
  26  2:35  Zergling x2  
  28  2:37  Drone  
  28  2:44  Drone x2  
  30  2:45  Drone  
  30  2:46  Drone  
  33  3:06  Spore Crawler  
  33  3:13  Drone x3  
  33  3:15  Hatchery  
  33  3:18  Overlord  
  35  3:21  Drone  
  34  3:30  Drone x2  
  34  3:32  Overlord  
  36  3:42  Drone x3, Roach Warren  
  36  3:45  Drone x2  
  39  3:51  Zergling x2  
  40  3:55  Extractor  
  40  3:56  Drone x4  
  40  3:58  Drone  
  44  4:03  Overlord  
  44  4:22  Roach x5  
  54  4:27  Overlord  
  54  4:30  Roach  
  56  4:31  Queen x2  
  56  4:34  Zergling x2  
  56  4:35  Zergling x2  
  62  4:39  Zergling x4  
  61  4:48  Drone x2  
  61  4:52  Drone  
  61  4:54  Drone  
  61  4:56  Drone  
  61  4:58  Drone  
  61  4:59  Drone  
  65  5:02  Drone x2  
  67  5:10  Zergling x8  
  70  5:16  Zergling x6  
  70  5:22  Zergling x2  
  70  5:23  Zergling x2  
  70  5:25  Overlord  
  71  5:32  Lair  
  71  5:33  Drone x2  
  71  5:35  Evolution Chamber, Overlord  
  72  5:38  Drone x2  
  74  5:43  Spore Crawler  
  74  5:45  Spore Crawler  
  74  5:47  Drone  
  74  5:48  Drone  
  75  5:50  Drone  
  75  5:51  Drone  
  76  6:01  Roach x3  
  82  6:08  Drone x3  
  82  6:10  Drone x2, Spore Crawler  
  82  6:11  Zerg Missile Weapons Level 1  
  85  6:12  Drone  
  85  6:15  Overlord  
  85  6:17  Extractor, Drone  
  85  6:18  Extractor  
  85  6:19  Drone  
  85  6:24  Overlord  
  86  6:27  Drone x3  
  86  6:28  Extractor  
  86  6:31  Extractor  
  86  6:32  Hydralisk Den  
  86  6:36  Glial Reconstitution  
  86  6:37  Drone x3  
  89  6:40  Drone  
  89  6:41  Drone  
  89  6:44  Drone x2  
  89  6:46  Drone x2  
  95  6:51  Drone  
  95  6:52  Drone x3  
  95  6:54  Drone  
  100  6:57  Overlord  
  100  7:00  Overlord  
  100  7:04  Overlord  
  100  7:08  Overlord  
  100  7:23  Hydralisk x6, Muscular Augments  
  100  7:24  Hydralisk  
  114  7:32  Hydralisk x2  
  114  7:36  Overlord x3  
  114  7:44  Hatchery  
  114  7:47  Hydralisk x2  
  114  7:48  Overseer  
  117  7:53  Baneling Nest  
  117  7:57  Drone x5  
  117  7:58  Drone  
  122  7:59  Drone  
  122  8:00  Drone  
  122  8:05  Hydralisk x2  
  126  8:10  Hydralisk  
  126  8:11  Hydralisk  
  132  8:14  Hydralisk  
  132  8:17  Zerg Missile Weapons Level 2  
  132  8:19  Extractor  
  133  8:24  Hydralisk x2  
  137  8:28  Hydralisk  
  137  8:30  Spore Crawler  
  137  8:33  Hydralisk x2  
  142  8:34  Hydralisk  
  142  8:39  Spine Crawler  
  142  8:40  Lurker Den  
  143  8:54  Drone x3  
  146  9:04  Overlord x4  
  146  9:05  Overlord  
  146  9:10  Drone x3  
  146  9:11  Extractor  
  146  9:12  Zergling x2  
  146  9:13  Zergling x16  
  157  9:27  Hydralisk x2  
  157  9:28  Hydralisk x4  
  169  9:36  Zergling x4  
  169  9:37  Zergling x8  
  175  9:43  Hydralisk x4  
  175  9:44  Hydralisk  
  185  9:58  Hydralisk  
  185  9:59  Hydralisk x5  
  167  10:12  Lurker x3  
  167  10:13  Lurker x2  
  158  10:14  Zergling x2  
  158  10:15  Zergling x14  
  158  10:16  Zergling x4  
  158  10:18  Lurker  
  158  10:19  Lurker x4  
  168  10:21  Hydralisk  
  168  10:24  Hydralisk  
  168  10:25  Hydralisk  
  168  10:27  Hydralisk  
  176  10:29  Lurker  
  176  10:30  Lurker  
  176  10:35  Hydralisk x2  
  178  10:36  Hydralisk  
  179  10:43  Hydralisk  
  179  10:44  Hydralisk x3  
  179  10:48  Zergling x2  
  179  10:49  Zergling x2  
  171  10:51  Hydralisk x2  
  171  10:53  Hydralisk  
  171  10:55  Hydralisk  
  151  10:57  Zergling x4  
  151  11:02  Hydralisk x2  
  152  11:04  Zergling x6  
  152  11:05  Zergling x2  
  152  11:06  Zergling x2  
  152  11:07  Zergling x2  
  157  11:12  Hydralisk  
  157  11:14  Hydralisk  
  157  11:15  Hydralisk x2  
  146  11:18  Hydralisk  
  146  11:19  Hydralisk  
  138  11:27  Lurker x2  
  138  11:28  Lurker  
  138  11:30  Hydralisk x2  
  138  11:31  Hydralisk  
  145  11:33  Hydralisk  
  145  11:35  Hydralisk  
  147  11:44  Lurker  
  147  11:45  Lurker  
  147  11:46  Hydralisk  
  149  11:50  Overseer  
  151  11:55  Hydralisk  
  151  11:56  Hydralisk x2  
  151  11:59  Hydralisk  
  159  12:01  Hatchery  
  159  12:07  Hydralisk x3  
  164  12:11  Overlord  
  164  12:14  Centrifical Hooks  
  164  12:18  Zergling x10  
  164  12:19  Zergling x2  
  164  12:20  Zergling x2  
  169  12:23  Lurker x2  
  169  12:25  Zergling x4  
  173  12:31  Hydralisk x2, Zergling x10  
  178  12:37  Zerg Melee Weapons Level 1  
  178  12:43  Hatchery  
  177  12:49  Lurker x3  
  180  12:53  Zergling x14  
  180  12:54  Zergling x2  
  180  12:55  Zergling x10  
  180  12:56  Zergling x6  
  175  13:02  Hydralisk x2  
  175  13:03  Hydralisk  
  175  13:05  Hydralisk  
  159  13:06  Hydralisk  
  159  13:09  Hydralisk  
  159  13:12  Baneling x4  
  162  13:14  Hydralisk  
  162  13:18  Hydralisk  
  162  13:19  Hydralisk  
  156  13:22  Hydralisk  
  156  13:23  Hydralisk  
  157  13:27  Lurker x3  
  157  13:30  Hydralisk  
  157  13:31  Hydralisk  
  161  13:35  Hydralisk  
  161  13:36  Hydralisk  
  161  13:38  Hydralisk  
  161  13:40  Hydralisk  
  169  13:44  Zergling x6  
  169  13:45  Zergling x2  
  169  13:46  Zergling x2  
  172  13:51  Hydralisk x2  
  172  13:55  Drone x3  
  161  13:59  Drone  
  161  14:00  Drone  
  152  14:08  Zergling x6  
  154  14:12  Zergling x4  
  154  14:13  Zergling x2  
  157  14:17  Zergling x2  
  157  14:18  Zergling x4  
  157  14:22  Zergling x4  
  157  14:23  Zergling x2  
  160  14:28  Zergling x4  
  160  14:29  Zergling x2  
  160  14:38  Lurker  
  160  14:39  Lurker x5  
  160  14:41  Drone  
  166  14:51  Zergling x12  
  166  14:52  Zergling x2  
  142  14:55  Zergling x2  
  142  14:56  Zergling x10  
  138  15:00  Hydralisk x2  
  138  15:05  Zergling x4  
  138  15:06  Zergling x2  
  145  15:09  Hydralisk  
  145  15:11  Zergling x2  
  148  15:16  Hydralisk  
  149  15:27  Zergling x14  
  148  15:32  Drone x3  
  150  15:38  Lurker x2  
  150  15:39  Lurker  
  153  15:44  Hydralisk x2  
  157  15:54  Hydralisk x2  
  157  15:55  Hydralisk  
  153  16:03  Hydralisk x2  
  157  16:06  Hydralisk  
  157  16:07  Hydralisk  
  157  16:10  Spore Crawler  
  160  16:21  Hydralisk x4  
  168  16:26  Zergling x8  
  168  16:28  Zergling x2  
  160  16:33  Zergling x8  
  160  16:36  Zergling x2  
  160  16:37  Zergling x4  
  167  16:40  Zergling x2  
  167  16:41  Zergling x4  
  170  16:57  Hatchery  
  170  16:59  Hydralisk  
  164  17:04  Hydralisk x2  
  164  17:07  Hydralisk  
  166  17:11  Hydralisk  
  167  17:20  Overlord x2  
  159  17:39  Hatchery  
  159  17:41  Hydralisk x4  
  159  17:42  Hydralisk x2  
  170  17:52  Hatchery  
  170  17:55  Hydralisk  
  169  18:00  Zergling x6  
  169  18:06  Hydralisk  
  169  18:11  Hydralisk x2  
  158  18:14  Hydralisk  
  155  18:20  Hydralisk  
  155  18:22  Hydralisk  
  151  18:28  Hydralisk  
  151  18:31  Hydralisk  
  144  18:36  Zergling x6  
Show
View Real Time Build Order
Export as new Build Order

Neeb Protoss - Winner!

Build Orders: 1 Gate Expand 

Get SALT Encoding   

  12  0:00  Probe (Chrono Boost)  
  13  0:11  Probe (Chrono Boost)  
  14  0:18  Pylon  
  14  0:21  Probe (Chrono Boost)  
  15  0:37  Probe (Chrono Boost)  
  15  0:40  Gateway  
  16  0:47  Probe (Chrono Boost)  
  17  0:58  Probe (Chrono Boost)  
  17  0:59  Assimilator  
  18  1:07  Pylon  
  18  1:08  Probe (Chrono Boost)  
  19  1:26  Nexus  
  19  1:27  Probe (Chrono Boost)  
  20  1:35  Cybernetics Core  
  20  1:38  Probe (Chrono Boost)  
  21  1:43  Assimilator  
  21  1:49  Probe (Chrono Boost)  
  21  1:52  Pylon  
  22  1:59  Probe (Chrono Boost)  
  23  2:05  Warp Gate  
  23  2:08  Adept  
  23  2:11  Probe (Chrono Boost)  
  27  2:24  Probe (Chrono Boost)  
  27  2:30  Twilight Council  
  27  2:32  Adept  
  27  2:36  Probe (Chrono Boost)  
  30  2:38  Probe (Chrono Boost)  
  31  2:48  Probe (Chrono Boost)  
  31  2:49  Probe (Chrono Boost)  
  33  2:57  Resonating Glaives, Adept  
  34  2:59  Probe (Chrono Boost)  
  34  3:00  Probe (Chrono Boost)  
  37  3:13  Gateway x2  
  37  3:17  Probe x2 (Chrono Boost)  
  39  3:24  Adept  
  41  3:29  Probe x2 (Chrono Boost)  
  41  3:36  Stargate  
  41  3:41  Probe x2 (Chrono Boost)  
  43  3:42  Pylon  
  43  3:47  Assimilator  
  43  3:53  Probe x2 (Chrono Boost), Pylon  
  45  3:56  Assimilator  
  45  4:04  Probe (Chrono Boost)  
  45  4:05  Probe (Chrono Boost)  
  45  4:07  Adept  
  45  4:08  Adept x2  
  53  4:15  Probe (Chrono Boost)  
  53  4:16  Oracle  
  55  4:21  Pylon  
  58  4:28  Probe (Chrono Boost), Adept x2  
  62  4:41  Probe x2 (Chrono Boost)  
  63  4:53  Probe (Chrono Boost), Nexus  
  63  4:59  Probe (Chrono Boost), Robotics Facility  
  64  5:05  Probe (Chrono Boost)  
  64  5:06  Sentry x2  
  69  5:08  Pylon  
  69  5:11  Probe (Chrono Boost), Forge  
  70  5:20  Pylon  
  70  5:23  Probe (Chrono Boost)  
  70  5:26  Adept  
  72  5:29  Probe (Chrono Boost), Adept x2  
  72  5:30  Protoss Ground Weapons Level 1  
  78  5:38  Mothership Core (Chrono Boost)  
  78  5:41  Probe (Chrono Boost)  
  79  5:43  Immortal  
  79  5:47  Charge  
  83  5:50  Pylon  
  83  5:53  Probe (Chrono Boost), Sentry  
  86  6:01  Pylon  
  86  6:04  Probe (Chrono Boost)  
  86  6:05  Probe (Chrono Boost)  
  86  6:08  Probe (Chrono Boost)  
  85  6:13  Gateway  
  85  6:14  Gateway  
  85  6:16  Probe (Chrono Boost)  
  85  6:17  Probe (Chrono Boost)  
  85  6:18  Gateway  
  87  6:20  Probe (Chrono Boost)  
  87  6:21  Observer  
  89  6:28  Probe (Chrono Boost), Assimilator  
  89  6:30  Probe (Chrono Boost), Assimilator  
  92  6:34  Probe (Chrono Boost), Pylon  
  92  6:37  Void Ray  
  96  6:41  Warp Prism  
  96  6:42  Probe (Chrono Boost)  
  96  6:44  Pylon  
  100  6:48  Probe (Chrono Boost)  
  100  6:50  Probe (Chrono Boost)  
  102  6:54  Probe (Chrono Boost)  
  102  6:58  Templar Archives  
  102  7:00  Pylon  
  103  7:02  Probe (Chrono Boost)  
  103  7:08  Zealot x2  
  103  7:11  Pylon  
  103  7:12  Pylon  
  103  7:15  Pylon  
  107  7:22  Immortal  
  107  7:27  Probe x2 (Chrono Boost)  
  113  7:32  Pylon  
  113  7:33  Protoss Ground Weapons Level 2  
  113  7:34  Psionic Storm  
  113  7:40  High Templar x4  
  113  7:42  Zealot, High Templar  
  125  7:45  Gateway  
  125  7:47  Photon Cannon, Gateway  
  125  7:57  Photon Cannon  
  125  7:58  Immortal  
  125  8:04  Photon Cannon  
  129  8:10  High Templar  
  131  8:12  Zealot  
  131  8:13  Zealot x3  
  136  8:32  Immortal  
  140  8:46  Pylon  
  130  9:04  Nexus  
  130  9:06  Oracle, Immortal  
  130  9:08  High Templar x4  
  141  9:10  Zealot x2  
  141  9:12  Gateway  
  141  9:14  Gateway  
  141  9:15  Photon Cannon, Archon x2  
  149  9:18  Photon Cannon  
  149  9:20  High Templar  
  151  9:24  Photon Cannon  
  151  9:32  Assimilator  
  151  9:36  Assimilator  
  151  9:40  Pylon  
  151  9:41  Zealot  
  151  9:43  Immortal  
  151  9:44  Zealot x4  
  157  9:47  Pylon  
  157  9:51  Probe x2 (Chrono Boost)  
  160  9:55  Probe (Chrono Boost), Pylon  
  160  9:57  Zealot x3  
  160  9:58  Zealot  
  163  10:03  Probe (Chrono Boost)  
  150  10:10  Zealot x4  
  152  10:17  Immortal  
  152  10:19  Probe x2 (Chrono Boost)  
  141  10:21  Probe (Chrono Boost)  
  141  10:25  Pylon  
  141  10:26  Probe (Chrono Boost), Pylon  
  146  10:31  Probe (Chrono Boost)  
  146  10:32  Zealot, High Templar x4  
  146  10:33  Zealot  
  159  10:36  Archon x2  
  149  10:51  Immortal  
  121  10:58  High Templar x3  
  121  10:59  Zealot x3  
  121  11:04  Archon  
  133  11:06  Zealot x4  
  133  11:07  Probe x2 (Chrono Boost)  
  143  11:14  Protoss Ground Weapons Level 3  
  138  11:22  Zealot x3  
  144  11:25  Immortal  
  144  11:27  Photon Cannon x2  
  144  11:29  Probe x4 (Chrono Boost), Pylon, Zealot x2  
  155  11:39  Oracle  
  154  11:46  Photon Cannon  
  154  11:47  High Templar x2  
  159  11:48  High Templar x2  
  159  11:53  Archon  
  165  11:56  Zealot  
  165  11:59  Immortal  
  171  12:11  Zealot x4  
  171  12:12  Zealot  
  181  12:20  High Templar x3  
  181  12:21  High Templar  
  189  12:23  Photon Cannon  
  189  12:24  Archon  
  189  12:25  Archon  
  189  12:38  Zealot x5  
  198  13:01  Photon Cannon, Stalker  
  190  13:07  Photon Cannon  
  190  13:10  Oracle  
  193  13:27  Zealot x4  
  193  13:30  Fleet Beacon  
  193  13:32  Stargate  
  199  13:35  Stargate  
  183  13:56  Protoss Shields Level 1  
  183  13:57  High Templar x5  
  183  13:58  High Templar x3  
  183  14:02  Archon x3, Nexus  
  173  14:03  Archon  
  173  14:04  Pylon  
  173  14:08  Protoss Air Weapons Level 1  
  173  14:11  High Templar  
  175  14:17  Photon Cannon, Tempest  
  175  14:18  Photon Cannon  
  175  14:19  Pylon  
  175  14:20  Photon Cannon  
  175  14:21  Photon Cannon  
  181  14:26  Tempest  
  181  14:29  Zealot x3  
  181  14:30  Zealot  
  195  14:44  Zealot x2  
  174  14:58  Zealot x6  
  182  15:06  Observer  
  182  15:11  Zealot x4  
  182  15:12  Tempest  
  197  15:28  Tempest x2  
  189  15:43  High Templar x2  
  189  15:47  Protoss Shields Level 2, Assimilator  
  191  15:55  Tempest  
  196  15:59  Archon  
  196  16:02  Assimilator  
  196  16:03  Pylon  
  196  16:05  Protoss Air Weapons Level 2  
  196  16:12  Pylon  
  188  16:37  Tempest x2  
  200  16:45  Photon Cannon  
  200  16:47  Photon Cannon  
  200  16:48  Photon Cannon  
  200  16:50  Photon Cannon  
  200  16:53  Photon Cannon  
  200  16:55  Photon Cannon  
  200  16:58  Zealot  
  157  17:20  Zealot x10  
  180  17:30  Immortal  
  168  17:40  High Templar x3  
  168  17:41  High Templar x3  
  180  17:44  Pylon, Nexus  
  180  17:46  Archon x2  
  180  17:47  Archon  
  180  17:49  Oracle  
Tags
 
Add a new tag
Caveats
  • Supply blocks, unpowered buildings, or Contaminate may cause inaccurate times.
  • Supply counts are checked every 10 seconds.